 Dungeon Crawl Stone Soup version 0.31.0-4-g52a2dc7128 (webtiles) character file.

Game seed: 7953042601280846879

1871 ces the Skirmisher (level 8, -4/39 HPs)
             Began as a Spriggan Hunter on Jan 22, 2024.
             Slain by a hornet (11 damage)
             ... while paralysed by a hornet
             ... on level 8 of the Dungeon.
             The game lasted 00:14:05 (6455 turns).

ces the Skirmisher (Spriggan Hunter)                Turns: 6455, Time: 00:14:06

Health: -4/39      AC:  2    Str:  7    XL:     8   Next: 90%
Magic:  9/9        EV:  4    Int: 10    God:
Gold:   353        SH:  0    Dex: 21    Spells: 7/7 levels left

rFire   . . .        F - +0 arbalest
rCold   . . .        (shield currently unavailable)
rNeg    . . .        c - +0 robe
rPois   +            (helmet restricted)
rElec   .            j - scarf {repulsion}
rCorr   .            (gloves unavailable)
SInv    +            (boots unavailable)
Will    +....        (no amulet)
Stlth   ++           h - ring of poison resistance
HPRegen 0.26/turn    (no ring)
MPRegen 0.11/turn

%: repel missiles
@: paralysed, slowed, very quick
A: very small, no large weapons, unfitting armour, see invisible, speed 3
a: no special abilities


You were on level 8 of the Dungeon.
You visited 1 branch of the dungeon, and saw 8 of its levels.

You collected 353 gold pieces.

Inventory:

Hand Weapons
 a - a +0 shortbow
 b - a +2 dagger of draining
 F - a +0 arbalest (weapon)
Missiles
 f - 2 throwing nets
Armour
 c - a +0 robe (worn)
 j - a scarf of repulsion (worn)
Jewellery
 h - a ring of poison resistance (left hand)
 l - a ring of ice
 z - a ring of wizardry
Wands
 m - a wand of paralysis (10)
 p - a wand of polymorph (11)
 u - a wand of digging (5)
 E - a wand of iceblast (5)
Scrolls
 g - 2 scrolls of torment {unknown}
 k - a scroll of fear
 o - a scroll of teleportation
 q - a scroll of blinking {unknown}
 r - a scroll of enchant armour {unknown}
 s - a scroll of amnesia {unknown}
 t - 2 scrolls of poison {unknown}
 w - 2 scrolls of fog {unknown}
 y - a scroll of enchant weapon {unknown}
 B - 2 scrolls of butterflies
 C - 5 scrolls of identify
 D - a scroll of noise {unknown}
Potions
 d - a potion of might
 e - a potion of attraction
 i - 2 potions of lignification
 n - a potion of invisibility
 x - a potion of resistance {unknown}
 A - a potion of haste {unknown}


   Skills:
 + Level 2.6 Fighting
 + Level 11.6 Ranged Weapons
 + Level 4.3 Dodging
 - Level 1.5 Stealth


You had 7 spell levels left.
You didn't know any spells.
Your spell library contained the following spells:

 Spells                   Type           Power      Damage    Failure   Level
 Sandblast                Erth           0%         2d4       36%         1
 Cigotuvi's Dreadful Rot  Necr/Alch/Air  0%         N/A       50%         2
 Scorch                   Fire           0%         2d5       50%         2
 Ozocubu's Armour         Ice            0%         N/A       75%         3
 Passwall                 Erth           0%         N/A       75%         3
 Stone Arrow              Conj/Erth      0%         3d7       75%         3
 Brom's Barrelling Bould  Conj/Erth      0%         2d3       98%         4
 Cause Fear               Hex            0%         N/A       98%         4
 Dispel Undead            Necr           0%         3d6       98%         4
 Flame Wave               Conj/Fire      0%         2d4       98%         4
 Leda's Liquefaction      Alch/Erth      0%         N/A       98%         4
 Martyr's Knell           Necr/Summ      0%         N/A       98%         4
 Fireball                 Conj/Fire      0%         3d3       100%        5
 Lee's Rapid Deconstruct  Erth           0%         3d4*      100%        5
 Metabolic Englaciation   Hex/Ice        0%         N/A       100%        5
 Bombard                  Conj/Erth      0%         9d1       100%        6
 Death Channel            Necr           0%         N/A       100%        6
 Sculpt Simulacrum        Ice/Alch       0%         N/A       100%        6
 Summon Cactus Giant      Summ           0%         N/A       100%        6
 Dragon's Call            Summ           0%         N/A       100%        9


Dungeon Overview and Level Annotations

Branches:
Dungeon (8/15)             Temple (0/1) D:4
   Lair: D:8-11

Altars:
Elyvilon
Hepliaklqana
Makhleb
Wu Jian
The Shining One

Shops:
D:3 =


Innate Abilities, Weirdness & Mutations

You are very small and have problems with some larger weapons.
You are too small for most types of armour.
You have supernaturally acute eyesight. (SInv)
You cover ground extremely quickly. (Speed+++)


Message History

A centaur is nearby!
You shoot a bolt. The centaur shouts!
The bolt hits the centaur!!
The centaur is almost dead.
The centaur wields a +0 orcbow.
The centaur shoots an arrow.
The arrow misses you.
The centaur shoots an arrow.
The arrow completely misses you.
You shoot a bolt. The bolt hits the centaur.
You kill the centaur!
A hornet comes into view.
The hornet buzzes angrily.
You shoot a bolt. The bolt barely misses the hornet.
You shoot a bolt. The bolt hits the hornet!
The hornet is moderately wounded.
You shoot a bolt. The bolt hits the hornet!!
The hornet is almost dead.
The hornet closely misses you. The hornet completely misses you.
You shoot a bolt. The bolt closely misses the hornet.
The hornet misses you. The hornet stings you!
You shoot a bolt. The bolt hits the hornet.
The hornet is almost dead.
The hornet barely misses you.
You shoot a bolt.
The bolt hits the hornet but does no damage.
The hornet is almost dead.
The hornet barely misses you. The hornet completely misses you.
You shoot a bolt. The bolt barely misses the hornet.
The hornet barely misses you. The hornet completely misses you.
You shoot a bolt. The bolt closely misses the hornet.
The hornet stings you!
You are poisoned.
You feel yourself slow down. The hornet stings you!
* * * LOW HITPOINT WARNING * * *
You feel as though you will be slow longer.
It was a potion of curing.
You feel better. The hornet closely misses you.
The hornet completely misses you. The hornet stings you!
* * * LOW HITPOINT WARNING * * *
You suddenly lose the ability to move!
The hornet stings you!
You die...

#...#...#........
#.^.##..#..............# #).#
##..###................##...##
###.##......##...........#...
#.........# ..............
#.........## #.##.........
##.........####..#......##
###.........##..........#.
#.#.....@y....##........
##.##....##..#...........
##...#........###.........
#.........#...##...##.....
#...#...####...#..........
#..##....####.##.......... #
#....................#.
#..#...###.##........#
#....##...##..#..####..#


You could see a hornet.

Vanquished Creatures
  A wyvern (D:7)
  2 water moccasins
  A sky beast (D:6)
  A centaur (D:8)
  A kobold brigand (D:7)
  A scorpion (D:5)
  4 wights (D:6)
  A howler monkey (D:7)
  3 bombardier beetles
  3 hounds
  3 jellies
  2 gnoll boudas
  A sleepcap (D:6)
  Ijyb (D:3)
  6 iguanas
  An orc wizard (D:3)
  10 gnolls
  10 adders
  7 river rats (D:6)
  2 shadow imps
  2 white imps
  A dart slug (D:5)
  2 ribbon worms (D:3)
  10 orcs
  6 ball pythons
  7 bats
  6 endoplasms
  3 giant cockroaches
  10 goblins
  3 hobgoblins
  9 jackals
  17 kobolds
  12 quokkas
  7 frilled lizards
  23 rats
179 creatures vanquished.

Notes
Turn   | Place    | Note
-------+----------+-------------------------------------------
     0 | D:1      | ces the Spriggan Hunter began the quest for the Orb.
     0 | D:1      | Reached XP level 1. HP: 10/10 MP: 2/2
    30 | D:1      | Reached XP level 2. HP: 14/14 MP: 3/3
   232 | D:1      | Reached skill level 5 in Ranged Weapons
   252 | D:1      | Reached XP level 3. HP: 18/18 MP: 4/4
   726 | D:2      | Reached XP level 4. HP: 22/22 MP: 5/5
  1286 | D:3      | Found a white marble altar of Elyvilon.
  1365 | D:3      | Reached skill level 6 in Ranged Weapons
  1380 | D:3      | Noticed Ijyb
  1387 | D:3      | Killed Ijyb
  1388 | D:3      | Reached XP level 5. HP: 25/25 MP: 6/6
  1469 | D:3      | Found Geixoidgh's Jewellery Boutique.
  1913 | D:4      | Found a staircase to the Ecumenical Temple.
  2232 | D:4      | Reached skill level 7 in Ranged Weapons
  3115 | D:5      | Entered Level 5 of the Dungeon
  3191 | D:5      | Reached XP level 6. HP: 10/30 MP: 7/7
  3474 | D:5      | Reached skill level 8 in Ranged Weapons
  3624 | D:5      | Reached XP level 7. HP: 33/33 MP: 8/8
  3982 | D:5      | Found an ornate altar of the Wu Jian Council.
  4121 | D:6      | Reached skill level 9 in Ranged Weapons
  4211 | D:6      | Found a burning altar of Makhleb.
  4929 | D:6      | Reached skill level 10 in Ranged Weapons
  5100 | D:6      | Reached XP level 8. HP: 37/37 MP: 9/9
  5716 | D:7      | Reached skill level 11 in Ranged Weapons
  5886 | D:7      | Found a glowing golden altar of the Shining One.
  6173 | D:7      | Found a hazy altar of Hepliaklqana.
  6437 | D:8      | Noticed a hornet
  6454 | D:8      | Paralysed by a hornet for 2 turns
  6455 | D:8      | Slain by a hornet

Illustrated notes

Levels and vault maps discovered:
D:1:      dpeg_arrival_fog, layout_rooms,
          nicolae_concentric_dashed_squares_mild, minmay_pentomino_t2
D:2:      layout_rooms, chequers_mini_garden
D:3:      layout_loops_corners, elyvilon_altar_4, serial_shops,
          nicolae_shop_gaudy_bauble, uniq_ijyb
D:4:      layout_layer_cave, minmay_temple_entry_waves, serial_rivers,
          chequers_serial_rivers_micro_d, chequers_serial_rivers_micro_a,
          chequers_serial_rivers_marsh, chequers_serial_rivers_large_a,
          corexii_checkpoint
D:5:      layout_loops_ring, nzn_wu_jian_council_hall
D:6:      lemuel_ratsnest, layout_loops_ring, mainiacjoe_overflow_catwalk
D:7:      layout_cave_pools, old_standard_altar, mainiacjoe_overflow_24_doors,
          kennysheep_generic_room_10
D:8:      layout_cave_pools, nicolae_overflow_squiral,
          minmay_fractal_squares_gapless_5, uniq_maggie

Skill      XL: |  1  2  3  4  5  6  7  8 |
---------------+-------------------------+-----
Ranged Weapons | 5 6 7 8 10 11 | 11.6
Dodging        | 4 |  4.3
Fighting       | 2 |  2.6
Stealth        | |  1.5

Action                     |  1- 3 |  4- 6 |  7- 9 || total
---------------------------+-------+-------+-------++-------
   Fire: Shortbow          |   111 |   212 |   305 ||   628
         Arbalest          |       |       |    17 ||    17
  Evoke: Wand              |       |     2 |    10 ||    12
    Use: Scroll            |     1 |     2 |     2 ||     5
         Potion            |       |     4 |     1 ||     5
 Armour: Robe              |    10 |    19 |    30 ||    59
  Dodge: Dodged            |    34 |    42 |    73 ||   149
         Repelled          |       |     1 |     1 ||     2
